 Dungeon Crawl Stone Soup version 0.28.0-43-g3370ac3207 (webtiles) character file.

Game seed: 5318895345983985053

100 pkoi the Conjurer (level 4, 0/27 HPs)
             Began as an Octopode Conjurer on Mar 17, 2022.
             Slain by a sky beast (2 damage)
             ... on level 4 of the Dungeon.
             The game lasted 00:03:16 (3389 turns).

pkoi the Conjurer (Octopode Conjurer)               Turns: 3389, Time: 00:03:17

Health: 0/27       AC:  1    Str:  6    XL:     4   Next: 73%
Magic:  2/7        EV: 13    Int: 22    God:
Gold:   151        SH:  0    Dex: 10    Spells: 0/7 levels left

rFire   . . .      SeeInvis .   i - +3 whip
rCold   . . .      Faith    .   (no shield)
rNeg    . . .      Spirit   .   (helmet restricted)
rPois   .          Reflect  .   (no amulet)
rElec   .          Harm     .   e - ring of flight
rCorr   .          Rampage  .   o - +4 ring of slaying
Will    .....                   (no ring)
Stlth   +++.......              (no ring)
HPRegen 0.09/turn               (no ring)
MPRegen 0.10/turn               (no ring)
                                (no ring)
                                (no ring)

@: flying
A: almost no armour, amphibious, 8 rings, camouflage 1, gelatinous body 1,
(nimble swimmer 1), tentacles
a: no special abilities


You were on level 4 of the Dungeon.
You visited 1 branch of the dungeon, and saw 5 of its levels.

You collected 173 gold pieces.
You spent 22 gold pieces at shops.

Inventory:

Hand Weapons
 i - a +3 whip (weapon)
Missiles
 j - 4 poisoned darts
Jewellery
 e - a ring of flight (left tentacle)
 o - a +4 ring of slaying (right tentacle)
Wands
 l - a wand of polymorph (2)
Scrolls
 a - a scroll of identify
 c - a scroll of vulnerability {unknown}
 d - a scroll of enchant weapon {unknown}
 f - a scroll of silence {unknown}
 m - a scroll of fear {unknown}
 n - 2 scrolls of teleportation {unknown}
 p - a scroll of amnesia {unknown}
Potions
 b - 2 potions of degeneration {unknown}
 g - a potion of magic {unknown}
 h - a potion of brilliance {unknown}
 k - a potion of cancellation {unknown}
 q - a potion of lignification {unknown}


   Skills:
 - Level 2.0 Dodging
 - Level 2.6 Stealth
 - Level 2.0 Spellcasting
 + Level 6.0 Conjurations
 + Level 0.0 Translocations


You couldn't memorise any spells.
You knew the following spells:

 Your Spells              Type           Power      Damage    Failure   Level
a - Magic Dart            Conj           100%       1d8       1%          1
b - Searing Ray           Conj           56%        2d6       1%          2
c - Iskenderun's Mystic   Conj/Tloc      15%        2d5       36%         4

Your spell library contained the following spells:

 Spells                   Type           Power      Damage    Failure   Level
 Conjure Flame            Conj/Fire      15%        6-21      12%         3
 Dazzling Flash           Conj/Hex       30%        N/A       12%         3
 Animate Skeleton         Necr           4%         N/A       14%         1
 Apportation              Tloc           4%         N/A       14%         1
 Pain                     Necr           8%         1d4       14%         1
 Sting                    Tmut/Pois      8%         1d3       14%         1
 Summon Small Mammal      Summ           8%         N/A       14%         1
 Poisonous Vapours        Pois/Air       4%         N/A       21%         2
 Fulminant Prism          Conj/Hex       7%         3d7       36%         4
 Sticky Flame             Conj/Fire      15%        2d4       36%         4
 Ignite Poison            Fire/Tmut/Pois 2%         N/A       38%         3
 Summon Guardian Golem    Hex/Summ       2%         N/A       38%         3
 Olgreb's Toxic Radiance  Pois           2%         N/A       80%         4
 Agony                    Necr           2%         N/A       98%         5
 Excruciating Wounds      Necr           1%         N/A       98%         5
 Orb of Destruction       Conj           14%        9d7       100%        7
 Spellforged Servitor     Conj/Summ      7%         N/A       100%        7


Dungeon Overview and Level Annotations

Branches:
Dungeon (5/15)
 Temple: D:4-7

Altars:
Ashenzari
Elyvilon
Gozag

Shops:
D:1 *


Innate Abilities, Weirdness & Mutations

You cannot wear most types of armour.
You are amphibious.
You can wear up to eight rings at the same time.
Your skin changes colour to match your surroundings (Stealth+).
Your rubbery body absorbs attacks. (AC +1, EV +1)
((You are camouflaged when in or above water. (Stealth+)))
You have tentacles for arms and can constrict up to eight enemies at once.


Message History

You fly upwards.
There is a stone staircase leading down here.
Memorise Searing Ray, consuming 2 spell levels and leaving 4?
You start memorising the spell.
You continue memorising. x2
You finish memorising.
Spell assigned to 'b'.
This spell is potentially lethal to cast!
Memorise Iskenderun's Mystic Blast, consuming 4 spell levels and leaving 0?
You start memorising the spell.
You continue memorising. x4
You finish memorising.
Spell assigned to 'c'.
Unknown command.
You fly downwards.
The sky beast barely misses you.
There is a stone staircase leading up here.
The sky beast closely misses you.
You fly upwards.
There is a stone staircase leading down here.
The sky beast flickers out of sight!
Deactivating autopickup; reactivate with Ctrl-A.
Casting: Magic Dart (safe; 1% risk of failure)
Confirm with . or Enter, or press ? or * to list all spells.
You can't see any susceptible monsters within range! (Use Z to cast anyway.)
Casting: Magic Dart (safe; 1% risk of failure)
Confirm with . or Enter, or press ? or * to list all spells.
Aiming: Searing Ray (safe; 1% risk of failure)
Press: ? - help, Shift-Dir - straight line, f - you The searing ray hits something. (Press . to maintain the ray.)
Something hits you. Something shocks you.
* * * LOW HITPOINT WARNING * * *
Unknown command.
The searing ray hits something!
Something hits you.
* * * LOW HITPOINT WARNING * * *
Something shocks you.
* * * LOW HITPOINT WARNING * * *
The searing ray hits something.
Something hits you.
* * * LOW HITPOINT WARNING * * *
Something shocks you.
* * * LOW HITPOINT WARNING * * *
You finish channelling your searing ray.
Something hits you.
You die...

### ## ..###### ##.
#.##.@.##### ##
##..###.##.#{#...# ...
#.......##.#.#...######..#
###.#........#.#...##.....##.
...................#.........
#..##..>..#.##....<..........
#.###.............รท..........
##........#..........#########
###...##......#................


There were no monsters in sight!

Vanquished Creatures
  A hound skeleton (D:4)
  4 adders
  4 orcs
  7 bats
  6 endoplasms
  2 giant cockroaches (D:1)
  3 hobgoblins (D:1)
  4 jackals
  3 quokkas
  3 ball pythons
  3 frilled lizards
  A goblin (D:1)
  5 kobolds
  2 rats
48 creatures vanquished.

Notes
Turn   | Place    | Note
-------+----------+-------------------------------------------
     0 | D:1      | pkoi the Octopode Conjurer began the quest for the Orb.
     0 | D:1      | Reached XP level 1. HP: 11/11 MP: 3/3
   128 | D:1      | Found Oxkolosh's General Store.
   133 | D:1      | Bought a scroll of identify for 22 gold pieces
   213 | D:1      | Reached XP level 2. HP: 17/17 MP: 0/5
  1175 | D:2      | Reached skill level 5 in Conjurations
  1175 | D:2      | Reached XP level 3. HP: 21/21 MP: 0/6
  1667 | D:2      | Found a faded altar of an unknown god.
  2016 | D:3      | Found a broken altar of Ashenzari.
  2028 | D:3      | Reached XP level 4. HP: 27/27 MP: 5/7
  2903 | D:4      | Noticed an ogre
  3076 | D:4      | Reached skill level 6 in Conjurations
  3237 | D:4      | Found a white marble altar of Elyvilon.
  3346 | D:5      | Entered Level 5 of the Dungeon
  3346 | D:5      | Found an opulent altar of Gozag.
  3367 | D:5      | Noticed a sky beast
  3376 | D:4      | Learned a level 2 spell: Searing Ray
  3381 | D:4      | Learned a level 4 spell: Iskenderun's Mystic Blast
  3389 | D:4      | Slain by a sky beast

Illustrated notes

Levels and vault maps discovered:
D:1:      amcnicky_arrival_double_pillar, layout_rooms, serial_shops, shop,
          hex_medium, minivault_27
D:2:      layout_basic, hellmonk_ecumenical_altar_slurped_away
D:3:      layout_rooms, nicolae_ashenzari_skybound, grunt_ministairs_2
D:4:      cheibrodos_helix_gallery, layout_rooms,
          nicolae_elyvilon_peaceful_grove, lemuel_coloured_pillars_altar,
          minivault_11
D:5:      layout_basic, amcnicky_altar_gilded, gammafunk_ghost_arena,
          chequers_serial_rivers_micro_c

Skill      XL: |  1  2  3  4 |
---------------+-------------+-----
Conjurations   | 5 6 |  6.0
Dodging        | |  2.0
Stealth        | |  2.6
Spellcasting   | |  2.0

Action                   |  1- 3 |  4- 6 || total
-------------------------+-------+-------++-------
Melee: Tentacles         |     1 |     3 ||     4
       Unarmed           |     1 |       ||     1
       Punch             |     1 |       ||     1
       Whip              |       |    12 ||    12
       Constrict         |       |     4 ||     4
 Cast: Magic Dart        |    64 |    28 ||    92
       Searing Ray       |       |     1 ||     1
Armor: Skin              |     1 |     2 ||     3
Dodge: Dodged            |     4 |     9 ||    13
